 Dungeon Crawl Stone Soup version 0.29.1-12-g30fa7ad0bf (webtiles) character file.

Game seed: 1665488804006844331

56 RapScallion the Trooper (level 3, -2/33 HPs)
             Began as a Hill Orc Fighter on Jan 14, 2023.
             Splashed by a jelly's acid (5 damage)
             ... on level 4 of the Dungeon.
             The game lasted 00:11:59 (2756 turns).

RapScallion the Trooper (Hill Orc Fighter)          Turns: 2756, Time: 00:11:59

Health: -2/33      AC: -1    Str: 20    XL:     3   Next: 97%
Magic:  3/3        EV:  9    Int:  8    God:
Gold:   199        SH:  4    Dex: 10    Spells: 2/2 levels left

rFire   . . .      SeeInvis .   v - +2 hand axe (flame)
rCold   . . .      Faith    .   c - +0 buckler
rNeg    . . .      Spirit   .   b - +0 scale mail
rPois   .          Reflect  .   (no helmet)
rElec   .          Harm     .   h - +0 cloak
rCorr   .          Rampage  .   x - +0 pair of gloves
Will    .....                   o - +0 pair of boots
Stlth   ..........              (no amulet)
HPRegen 0.11/turn               (no ring)
MPRegen 0.08/turn               (no ring)

@: corroded
A: no striking features
a: no special abilities


You were on level 4 of the Dungeon.
You visited 1 branch of the dungeon, and saw 4 of its levels.

You collected 199 gold pieces.

Inventory:

Hand Weapons
 a - a +0 war axe
 v - a +2 hand axe of flaming (weapon)
Missiles
 n - 31 stones (quivered)
Armour
 b - a +0 scale mail (worn)
 c - a +0 buckler (worn)
 h - a +0 cloak (worn)
 o - a +0 pair of boots (worn)
 x - a +0 pair of gloves (worn)
Magical Staves
 e - a staff of death
Jewellery
 l - a ring of magical power
 m - a ring of fire
 u - an amulet of faith
Scrolls
 f - a scroll of vulnerability {unknown}
 g - 2 scrolls of amnesia {unknown}
 j - a scroll of fear {unknown}
 k - 3 scrolls of identify {unknown}
 q - a scroll of immolation {unknown}
 t - a scroll of butterflies {unknown}
 w - a scroll of teleportation {unknown}
Potions
 d - a potion of might
 i - 2 potions of lignification {unknown}
 p - a potion of degeneration {unknown}
 r - 2 potions of curing {unknown}
 s - a potion of heal wounds {unknown}
 z - a potion of flight {unknown}


   Skills:
 + Level 4.1 Fighting
 + Level 3.7 Axes
 + Level 4.0 Armour
 + Level 3.7 Shields


You had 2 spell levels left.
You didn't know any spells.
Your spell library contained the following spells:

 Spells                   Type           Power      Damage    Failure   Level
 Freeze                   Ice            0%         1d3       85%         1
 Frozen Ramparts          Ice            0%         1d1       99%         3
 Ignite Poison            Fire/Tmut/Pois 0%         N/A       99%         3
 Mephitic Cloud           Conj/Pois/Air  0%         N/A       99%         3
 Hailstorm                Conj/Ice       0%         3d3       100%        4
 Freezing Cloud           Conj/Ice/Air   0%         6-21      100%        5


Dungeon Overview and Level Annotations

Branches:
Dungeon (4/15)
 Temple: D:4-7

Altars:

Annotations:
D:4 Pikel


Message History

You kill the endoplasm!
n - 31 stones (gained 9)
You now have 199 gold pieces (gained 7).
Done exploring.
There is a stone staircase leading down here.
You climb downwards.
The lemure shouts!
You hear a shout!
There is a stone staircase leading up here.
Pikel, Merchant of Souls comes into view.
He is wielding a +1 whip of electrocution.
You climb upwards.
There is a stone staircase leading down here.
There is a stone staircase leading down here.
You climb downwards.
Level annotation: Pikel
There is a stone staircase leading up here.
You hit the jelly. You burn the jelly. The acid corrodes you!
Your hands burn!
The jelly is moderately wounded.
You block the jelly's attack.
You barely miss the jelly.
The jelly is moderately wounded.
You block the jelly's attack. The jelly barely misses you.
You hit the jelly. You burn the jelly.
Your hands burn!
The jelly is heavily wounded.
The jelly hits you but does no damage.
You hit the jelly. You burn the jelly. The acid corrodes you!
Your hands burn!
The jelly is severely wounded.
The jelly hits you.
You are splashed with acid!
You barely miss the jelly.
The jelly is severely wounded.
You block the jelly's attack.
You hit the jelly but do no damage.
Your hands burn!
* * * LOW HITPOINT WARNING * * *
The jelly is severely wounded.
You block the jelly's attack.
You hit the jelly. You burn the jelly. The acid corrodes you!
Your hands burn!
* * * LOW HITPOINT WARNING * * *
The jelly is almost dead.
The jelly barely misses you.
You hit the jelly but do no damage.
Your hands burn!
You die...

...... .
#....#
..##....#
........#
......#
#....# ####
#...J##...#
#...@.....#
#....<....#
#....##...+
###### ..#
.# #


You could see a jelly.

Vanquished Creatures
  An adder (D:2)
  3 worms
  2 dart slugs
  An orc (D:3)
  2 ball pythons
  5 bats
  4 endoplasms
  A giant cockroach (D:3)
  A hobgoblin (D:1)
  2 frilled lizards
  6 goblins
  3 kobolds
  2 rats
  2 bushes (D:1)
35 creatures vanquished.

Vanquished Creatures (others)
  2 demonic plants (D:2)
  5 fungi (D:2)
  12 plants
  A withered plant (D:2)
20 creatures vanquished.

Grand Total: 55 creatures vanquished

Notes
Turn   | Place    | Note
-------+----------+-------------------------------------------
     0 | D:1      | RapScallion the Hill Orc Fighter began the quest for the
                  | Orb.
     0 | D:1      | Reached XP level 1. HP: 19/19 MP: 1/1
   643 | D:1      | Reached XP level 2. HP: 27/27 MP: 2/2
   906 | D:2      | Found a faded altar of an unknown god.
  1189 | D:2      | Reached XP level 3. HP: 33/33 MP: 3/3
  2683 | D:4      | Noticed a lemure
  2686 | D:4      | Noticed Pikel
  2756 | D:4      | Splashed by a jelly's acid

Illustrated notes

Levels and vault maps discovered:
D:1:      arrival_zaba_pyramid, layout_basic, serial_forest,
          infiniplex_forest_end_1, infiniplex_forest_corner_1,
          infiniplex_forest_corner_2, infiniplex_forest_lined_room_2,
          infiniplex_forest_clump_double, infiniplex_forest_lined_3,
          infiniplex_forest_clump_tiny, glass_columns_a
D:2:      layout_basic, shapermc_ecumenical_altar_gd
D:3:      layout_basic, grunt_decor_fettered
D:4:      layout_gridville, mainiacjoe_overflow_alcove_1,
          hangedman_abyss_or_decor_stabs, minmay_surrounded, uniq_pikel,
          uniq_duvessa

Skill      XL: |  1  2  3 |
---------------+----------+-----
Fighting       | 4 |  4.1
Axes           | 3 |  3.7
Armour         | 4 |  4.0
Shields        | |  3.7

Action                   || total
-------------------------++-------
Melee: War axe           ||   222
       Hand axe          ||    25
Armor: Scale mail        ||    53
Dodge: Dodged            ||    49
Block: Buckler           ||    28
